 Dungeon Crawl Stone Soup version 0.31-a0-1529-g7bd419a0e5 (webtiles) character file.

Game seed: 11231342180360465349

30 Curundu the Trooper (level 3, -1/33 HPs)
             Began as a Minotaur Berserker on Jan 1, 2024.
             Was a Follower of Trog.
             Slain by Terence
             ... wielding a +0 mace
              (7 damage)
             ... on level 2 of the Dungeon.
             The game lasted 00:02:47 (803 turns).

Curundu the Trooper (Minotaur Berserker)             Turns: 803, Time: 00:02:47

Health: -1/33      AC:  2    Str: 23    XL:     3   Next: 3%
Magic:  2/2        EV: 12    Int:  4    God:    Trog [*.....]
Gold:   62         SH:  0    Dex:  9    Spells: 2/2 levels left

rFire   . . .        e - +2 mace (holy)
rCold   . . .        (no shield)
rNeg    . . .        b - +0 animal skin
rPois   .            (helmet restricted)
rElec   .            (no cloak)
rCorr   .            (no gloves)
SInv    .            (no boots)
Will    .....        (no amulet)
Stlth   +            (no ring)
HPRegen 0.25/turn    (no ring)
MPRegen 0.08/turn

%: no passive effects
@: lethally poisoned (-1 -> -5)
A: horns 2, retaliatory headbutt
a: Renounce Religion, Berserk


You were on level 2 of the Dungeon.
You worshipped Trog.
Trog was aware of your devotion.
You visited 1 branch of the dungeon, and saw 2 of its levels.

You collected 62 gold pieces.

Inventory:

Hand Weapons
 e - a +2 mace of holy wrath (weapon)
Armour
 b - a +0 animal skin (worn)
Scrolls
 c - a scroll of silence {unknown}
 d - a scroll of fear {unknown}
 f - a scroll of fog {unknown}
 g - a scroll of identify {unknown}
 h - a scroll of blinking {unknown}
 j - a scroll of teleportation {unknown}
Potions
 a - a potion of attraction {unknown}
 i - a potion of enlightenment {unknown}
 k - 2 potions of ambrosia {unknown}
 l - a potion of curing {unknown}
 n - a potion of haste {unknown}
 o - a potion of mutation {unknown}
 p - a potion of lignification {unknown}


   Skills:
 + Level 4.1 Fighting
 + Level 0.8 Maces & Flails
 + Level 4.0 Polearms
 + Level 2.6 Armour
 + Level 2.8 Dodging


You had 2 spell levels left.
You didn't know any spells.
Your spell library was empty.

Dungeon Overview and Level Annotations

Branches:
Dungeon (2/15)

Altars:

Shops:
D:2 ([*

Annotations:
D:2 Terence


Innate Abilities, Weirdness & Mutations

You have a pair of horns on your head.
You reflexively headbutt those who attack you in melee.


Message History

Found a hand axe.
Terence the Incautious comes into view.
He is wielding a +0 mace and wearing a +1 chain mail of cold resistance.
Terence shouts!
You hear an angry hiss.
You see here a human corpse.
No other quiver actions available for cycling.
Throw: 2 javelins
Press: ? - help, Q - select action Shift-Dir - straight line, f - Terence
Aim: Terence, wielding a +0 mace and wearing a +1 chain mail of cold resistance (61% to hit)
You throw a javelin. The javelin barely misses Terence.
An adder comes into view.
Throw: javelin
Press: ? - help, Q - select action Shift-Dir - straight line, f/p - Terence
Aim: Terence, wielding a +0 mace and wearing a +1 chain mail of cold resistance (61% to hit)
You throw a javelin. The javelin pierces through Terence.
Terence is lightly wounded.
An endoplasm comes into view.
Terence hits you with a +0 mace.
You closely miss Terence.
Terence is lightly wounded.
Terence misses you.
You sock Terence!
Terence is severely wounded.
A ball python comes into view.
Terence hits you with a +0 mace! The adder bites you but does no damage.
Terence hits you with a +0 mace.
You barely miss Terence.
Terence is severely wounded.
The adder closely misses you. The adder bites you. Terence barely misses you.
You closely miss Terence.
Terence is severely wounded.
The adder bites you.
You are poisoned.
The adder poisons you! Terence barely misses you. The adder bites you.
* * * LOW HITPOINT WARNING * * *
You hit Terence but do no damage.
Terence is severely wounded.
* * * LOW HITPOINT WARNING * * *
You feel sick. The adder barely misses you. Terence hits you with a +0 mace!
You die...
Terence says, "Rest in peace."

####### ##.....#
##...##.# ##.....#.#
..#........#
#.....S.†..#
.(...S@@...+
#..#.)...#.#############
##...##...........#..
####................
#.#......####.#..
......###....#.#..
###.#.####.........
#.#.....#.#.#.#.. .
...............


You could see Terence, an adder and a ball python.

Vanquished Creatures
  An adder zombie (D:2)
  A dart slug (D:1)
  2 bats (D:1)
  An endoplasm (D:2)
  A giant cockroach (D:1)
  4 goblins (D:1)
  A hobgoblin (D:1)
  2 jackals (D:2)
  3 ball pythons
  A ball python skeleton (D:2)
  A ball python zombie (D:2)
  2 frilled lizards (D:1)
  A kobold (D:1)
  3 rats (D:1)
24 creatures vanquished.

Notes
Turn   | Place    | Note
-------+----------+-------------------------------------------
     0 | D:1      | Curundu the Minotaur Berserker began the quest for the Orb.
     0 | D:1      | Reached XP level 1. HP: 19/19 MP: 0/0
   142 | D:1      | Reached XP level 2. HP: 25/27 MP: 1/1
   572 | D:2      | Reached XP level 3. HP: 29/33 MP: 2/2
   657 | D:2      | Found Joenatiomm's Antique Armour Shop.
   660 | D:2      | Found Dovuamel's Assorted Antiques.
   788 | D:2      | Found Lilug's Weapon Shoppe.
   794 | D:2      | Noticed Terence
   803 | D:2      | Slain by Terence

Illustrated notes

Levels and vault maps discovered:
D:1:      dpeg_arrival_refuge, layout_rooms
D:2:      layout_basic, serial_undead, serial_undead_c, serial_undead_c,
          serial_undead_b, serial_undead_d, serial_undead_b, serial_undead_f,
          serial_shops, shop, shop, nicolae_shop_dealshenge,
          nicolae_shop_bloodbath_and_beyond, shop, minmay_pentomino_r4,
          uniq_terence

Skill      XL: |  1  2 |
---------------+-------+-----
Fighting       | 4 |  4.1
Polearms       | 4 |  4.0
Maces & Flails | |  0.8
Armour         | |  2.6
Dodging        | |  2.8

Action                     || total
---------------------------++-------
  Melee: Mace              ||    39
         Spear             ||     5
         Headbutt          ||     3
         Punch             ||     1
  Throw: Javelin           ||     2
 Armour: Animal skin       ||    44
  Dodge: Dodged            ||    51

Table legend: (Time is in decaauts)
 A = Elapsed time spent in this place.
 B = Non-inter-level travel time spent in this place.
 C = Inter-level travel time spent in this place.
 D = Time resting spent in this place.
 E = Time spent auto-exploring this place.
 F = Levels seen in this place.
 G = Mean time per level.
                   A        B        C        D        E       F      G
               +--------+--------+--------+--------+--------+-----+--------+
         Total |    818 |    818 |      0 |      0 |    570 |   2 |  409.0 |
       Dungeon |    818 |    818 |      0 |      0 |    570 |   2 |  409.0 |
               +--------+--------+--------+--------+--------+-----+--------+

Top non-repeatable levels by time:
     D:1: 485 daAuts
     D:2: 332 daAuts
